AoeStats
← Vasqueziano

Arabian Desert

509556866Analyzed
1v1 RM · 6d ago on Sep 27, 2026· 35m 47s· 2 players
Game mode
Random Map
Map size
Tiny (2 player)
Population
200
Speed
Normal
Resources
Standard
Victory
Conquest
Starting age
Dark Age
Ending age
Imperial Age
RankedLock teamsTeams togetherTeam positionsShared explorationLock speedFull tech treeHidden civsTurbo modeCheats
Victory
Defeat
🇷🇴 Vikings · Romania
895
+18
🇲🇽 Franks · Mexico
929
-18
upvoter22
8:33 Loom
10:48 Feudal Age
11:14 Horse Collar
11:30 Double-Bit Axe
13:49 Town Watch
17:09 Gold Mining
20:48 Castle Age
19:19 Stone Mining
21:03 Forging
20:44 Fletching
20:57 Scale Mail Armor
22:08 Heavy Plow
22:20 Bow Saw
23:26 Bodkin Arrow
25:40 Gold Shaft Mining
24:39 Pikeman
26:41 Murder Holes
27:08 Ballistics
29:38 Guard Tower
30:01 Town Patrol
30:38 Masonry
35:19 Imperial Age
34:07 Iron Casting
33:55 Squires
34:50 Chieftains
Vasqueziano
1:01 Loom
11:17 Feudal Age
11:48 Town Watch
12:03 Double-Bit Axe
21:46 Castle Age
22:42 Wheelbarrow
22:43 Padded Archer Armor
24:13 Bow Saw
27:27 Fletching
29:24 Wheelbarrow
34:15 Murder Holes
Connection lost

Rejoining the realm…

Still unreachable

The connection could not be restored.

Session expired

The server has moved on; the page needs a fresh start.